DBL
LOS ANGELES DODGERS @ OAKLAND ATHLETICS
06/15/1997
 
TOP OF THE 1ST
Los Angeles Dodgers batting - Pitching for Oakland Athletics : RHP Todd Van Poppel
Pitching: RHP Todd Van Poppel
Batting: RHB Brian L Hunter 0-0: Ball
1-0: Called Strike
1-1: Swinging Strike
1-2: Ball
2-2: Ball
3-2: Strikes out swinging
Batting: LHB Ryan Klesko 0-0: Fly out, F7 (Flyball, 7D, EV 95.0 MPH)
Batting: LHB Shawn Green 0-0: Ball
1-0: Called Strike
1-1: Foul Ball, location: 2F
1-2: Foul Ball, location: 2F
1-2: Ground out 5-3 (Groundball, 56, EV 77.5 MPH)
Top of the 1st over - 0 runs, 0 hits, 0 errors, 0 left on base; Los Angeles 0 - Oakland 0
BOTTOM OF THE 1ST
Oakland Athletics batting - Pitching for Los Angeles Dodgers : RHP Bartolo Colon
Pitching: RHP Bartolo Colon
Batting: RHB Rickey Henderson 0-0: Called Strike
0-1: Ball
1-1: Ball
2-1: Swinging Strike
2-2: Strikes out looking
Batting: SHB Chuck Carr 0-0: Ball
1-0: Ball
2-0: Called Strike
2-1: Fly out, F9 (Flyball, 9S, EV 87.5 MPH)
Batting: LHB John Olerud 0-0: Ball
1-0: Called Strike
1-1: SOLO HOME RUN (Flyball, 9D, EV 96.9 MPH), Distance : 356 ft
Batting: RHB Herbert Perry 0-0: Ball
1-0: Called Strike
1-1: Foul Ball, location: 2F
1-2: Foul Ball, location: 2F
1-2: Foul Ball, location: 2F
1-2: Ball
2-2: Foul Ball, location: 2F
2-2: Fly out, F4 (Popup, 4S, EV 64.4 MPH)
Bottom of the 1st over - 1 run, 1 hit, 0 errors, 0 left on base; Los Angeles 0 - Oakland 1
TOP OF THE 2ND
Los Angeles Dodgers batting - Pitching for Oakland Athletics : RHP Todd Van Poppel
Batting: LHB Rafael Palmeiro 0-0: Swinging Strike
0-1: Called Strike
0-2: Ball
1-2: Ground out 4-3 (Groundball, 4, EV 83.1 MPH)
Batting: RHB Torii Hunter 0-0: Called Strike
0-1: Ball
1-1: Fly out, F9 (Line Drive, 9D, EV 88.1 MPH)
Batting: SHB Kevin Stocker 0-0: Ball
1-0: DOUBLE (Line Drive, 89D, EV 102.5 MPH)
Batting: RHB Joe Randa 0-0: Ball
1-0: Foul Ball, location: 2F
1-1: Ground out 4-3 (Groundball, 4, EV 110.0 MPH)
Top of the 2nd over - 0 runs, 1 hit, 0 errors, 1 left on base; Los Angeles 0 - Oakland 1
BOTTOM OF THE 2ND
Oakland Athletics batting - Pitching for Los Angeles Dodgers : RHP Bartolo Colon
Batting: RHB Jay Buhner 0-0: Ball
1-0: Fly out, F8 (Line Drive, 8RM, EV 87.5 MPH)
Batting: RHB Benito Santiago 0-0: Called Strike
0-1: Swinging Strike
0-2: Ball
1-2: Strikes out swinging
Batting: RHB Greg Vaughn 0-0: Called Strike
0-1: Ball
1-1: Foul Ball, location: 2F
1-2: Ball
2-2: Ball
3-2: Base on Balls
Batting: SHB Devon White 0-0: Ball
1-0: Foul Ball, location: 2F
1-1: Ball
2-1: Fly out, F8 (Flyball, 8RXD, EV 103.1 MPH)
Bottom of the 2nd over - 0 runs, 0 hits, 0 errors, 1 left on base; Los Angeles 0 - Oakland 1
TOP OF THE 3RD
Los Angeles Dodgers batting - Pitching for Oakland Athletics : RHP Todd Van Poppel
Batting: RHB Homer Bush 0-0: Ball
1-0: Called Strike
1-1: Ball
2-1: Foul Ball, location: 2F
2-2: Strikes out swinging
Batting: SHB Jason Varitek 0-0: Called Strike
0-1: SINGLE (Line Drive, 78S, EV 93.8 MPH)
Batting: RHB Brian L Hunter 0-0: Called Strike
0-1: Ball
1-1: Ball
2-1: Ball
3-1: Foul Ball, location: 2F
3-2: Fielders Choice at 2nd, 6-4 (Groundball, 6, EV 100.0 MPH)
Batting: LHB Ryan Klesko 0-0: Ball
1-0: Ball
2-0: Fly out, F9 (Flyball, 89M, EV 88.8 MPH)
Top of the 3rd over - 0 runs, 1 hit, 0 errors, 1 left on base; Los Angeles 0 - Oakland 1
BOTTOM OF THE 3RD
Oakland Athletics batting - Pitching for Los Angeles Dodgers : RHP Bartolo Colon
Batting: RHB Benji Gil 0-0: Ball
1-0: Called Strike
1-1: Swinging Strike
1-2: Foul Ball, location: 2F
1-2: Strikes out swinging
Batting: RHB Rickey Henderson 0-0: Called Strike
0-1: Called Strike
0-2: Foul Ball, location: 2F
0-2: Ball
1-2: Foul Ball, location: 2F
1-2: Strikes out swinging
Batting: SHB Chuck Carr 0-0: Ball
1-0: Foul Ball, location: 2F
1-1: Foul Ball, location: 2F
1-2: Foul Ball, location: 2F
1-2: Strikes out swinging, 2-3 out at first.
Bottom of the 3rd over - 0 runs, 0 hits, 0 errors, 0 left on base; Los Angeles 0 - Oakland 1
TOP OF THE 4TH
Los Angeles Dodgers batting - Pitching for Oakland Athletics : RHP Todd Van Poppel
Batting: LHB Shawn Green 0-0: Called Strike
0-1: Ball
1-1: Swinging Strike
1-2: Ball
2-2: Strikes out swinging
Batting: LHB Rafael Palmeiro 0-0: Ball
1-0: Ball
2-0: Ball
3-0: Called Strike
3-1: Base on Balls
Batting: RHB Torii Hunter 0-0: Ground out 6-3 (Groundball, 6S, EV 70.0 MPH)
Rafael Palmeiro to second
Batting: SHB Kevin Stocker 0-0: Called Strike
0-1: Ball
1-1: Ground out U3 (Groundball, 3, EV 77.5 MPH)
Top of the 4th over - 0 runs, 0 hits, 0 errors, 1 left on base; Los Angeles 0 - Oakland 1
BOTTOM OF THE 4TH
Oakland Athletics batting - Pitching for Los Angeles Dodgers : RHP Bartolo Colon
Batting: LHB John Olerud 0-0: Called Strike
0-1: Fly out, F7 (Line Drive, 78M, EV 103.1 MPH)
Batting: RHB Herbert Perry 0-0: Called Strike
0-1: Ball
1-1: Ball
2-1: DOUBLE (Line Drive, 7LM, EV 108.1 MPH)
Batting: RHB Jay Buhner 0-0: Ball
1-0: Foul Ball, location: 2F
1-1: Fly out, F7 (Flyball, 8LS, EV 85.6 MPH)
Batting: RHB Benito Santiago 0-0: Swinging Strike
0-1: Swinging Strike
0-2: Ball
1-2: Foul Ball, location: 2F
1-2: Strikes out looking
Bottom of the 4th over - 0 runs, 1 hit, 0 errors, 1 left on base; Los Angeles 0 - Oakland 1
TOP OF THE 5TH
Los Angeles Dodgers batting - Pitching for Oakland Athletics : RHP Todd Van Poppel
Batting: RHB Joe Randa 0-0: Foul Ball, location: 2F
0-1: Ball
1-1: Foul Ball, location: 2F
1-2: Ball
2-2: Fly out, F7 (Line Drive, 7, EV 99.4 MPH)
Batting: RHB Homer Bush 0-0: Called Strike
0-1: Ball
1-1: Called Strike
1-2: Ground out 6-3 (Groundball, 6, EV 100.6 MPH)
Batting: SHB Jason Varitek 0-0: Called Strike
0-1: Foul Ball, location: 2F
0-2: Strikes out swinging
Top of the 5th over - 0 runs, 0 hits, 0 errors, 0 left on base; Los Angeles 0 - Oakland 1
BOTTOM OF THE 5TH
Oakland Athletics batting - Pitching for Los Angeles Dodgers : RHP Bartolo Colon
Batting: RHB Greg Vaughn 0-0: Ball
1-0: Foul Ball, location: 2F
1-1: Foul Ball, location: 2F
1-2: Ball
2-2: Ball
3-2: Foul Ball, location: 2F
3-2: Base on Balls
Batting: SHB Devon White 0-0: Ball
1-0: Ball
2-0: Grounds into double play, 5-4-3 (Groundball, 56, EV 90.0 MPH)
Batting: RHB Benji Gil 0-0: Ball
1-0: Foul Ball, location: 2F
1-1: Ground out 1-3 (Groundball, P, EV 89.4 MPH)
Bottom of the 5th over - 0 runs, 0 hits, 0 errors, 0 left on base; Los Angeles 0 - Oakland 1
TOP OF THE 6TH
Los Angeles Dodgers batting - Pitching for Oakland Athletics : RHP Todd Van Poppel
Batting: RHB Brian L Hunter 0-0: Called Strike
0-1: Ball
1-1: Swinging Strike
1-2: Fly out, F8 (Flyball, 8LS, EV 89.4 MPH)
Batting: LHB Ryan Klesko 0-0: Swinging Strike
0-1: Ball
1-1: SINGLE (Groundball, 4M, EV 102.5 MPH) (infield hit)
Batting: LHB Shawn Green 0-0: Ball
1-0: Called Strike
1-1: Called Strike
1-2: Foul Ball, location: 2F
1-2: Fly out, F7 (Flyball, 7S, EV 89.4 MPH)
Batting: LHB Rafael Palmeiro 0-0: Ball
Ryan Klesko steals 2nd base
1-0: Ball
2-0: Foul Ball, location: 2F
2-1: Foul Ball, location: 2F
2-2: 2-RUN HOME RUN (Flyball, 9D, EV 108.8 MPH), Distance : 369 ft
Batting: RHB Torii Hunter 0-0: Reached on error, E4 (Flyball, 4MD, EV 78.1 MPH)
Batting: SHB Kevin Stocker 0-0: Called Strike
0-1: Called Strike
Torii Hunter steals 2nd base
0-2: Ball
1-2: Ball
2-2: Foul Ball, location: 2F
2-2: Ground out 1-3 (Groundball, P, EV 63.8 MPH)
Top of the 6th over - 2 runs, 2 hits, 1 error, 1 left on base; Los Angeles 2 - Oakland 1
BOTTOM OF THE 6TH
Oakland Athletics batting - Pitching for Los Angeles Dodgers : RHP Bartolo Colon
Batting: RHB Rickey Henderson 0-0: Foul Ball, location: 2F
0-1: Ball
1-1: SINGLE (Line Drive, 4MD, EV 96.3 MPH)
Batting: SHB Chuck Carr 0-0: Ball
1-0: Ball
2-0: Bunt missed!
2-1: Bunt missed!
2-2: Foul Ball, location: 2F
2-2: SINGLE (Line Drive, 7S, EV 95.6 MPH)
Rickey Henderson to second
Rickey Henderson to third
Batting: LHB John Olerud 0-0: Ball
1-0: Called Strike
1-1: Ball
2-1: Swinging Strike
2-2: Grounds into double play, 6-4-3 (Groundball, 6, EV 81.3 MPH)
Rickey Henderson scores
Batting: RHB Herbert Perry 0-0: Ball
1-0: Fly out, F7 (Flyball, 78S, EV 91.3 MPH)
Bottom of the 6th over - 1 run, 2 hits, 0 errors, 0 left on base; Los Angeles 2 - Oakland 2
TOP OF THE 7TH
Los Angeles Dodgers batting - Pitching for Oakland Athletics : RHP Todd Van Poppel
Batting: RHB Joe Randa 0-0: Ball
1-0: Ball
2-0: Swinging Strike
2-1: Swinging Strike
2-2: Strikes out swinging
Batting: RHB Homer Bush 0-0: Called Strike
0-1: Ball
1-1: Ball
2-1: Fly out, F8 (Flyball, 8LM, EV 85.0 MPH)
Batting: SHB Jason Varitek 0-0: Called Strike
0-1: Ball
1-1: Swinging Strike
1-2: Ground out 1-3 (Groundball, 13S, EV 67.5 MPH)
Top of the 7th over - 0 runs, 0 hits, 0 errors, 0 left on base; Los Angeles 2 - Oakland 2
BOTTOM OF THE 7TH
Oakland Athletics batting - Pitching for Los Angeles Dodgers : RHP Bartolo Colon
Batting: RHB Jay Buhner 0-0: Swinging Strike
0-1: Ball
1-1: SOLO HOME RUN (Line Drive, 89XD, EV 103.1 MPH), Distance : 392 ft
Batting: RHB Benito Santiago 0-0: Fly out, F7 (Line Drive, 7, EV 93.1 MPH)
Batting: RHB Greg Vaughn 0-0: Ball
1-0: Ground out 5-3 (Groundball, 56, EV 102.5 MPH)
Batting: SHB Devon White 0-0: Ball
1-0: Swinging Strike
1-1: Ball
2-1: Called Strike
2-2: Strikes out looking
Bottom of the 7th over - 1 run, 1 hit, 0 errors, 0 left on base; Los Angeles 2 - Oakland 3
TOP OF THE 8TH
Los Angeles Dodgers batting - Pitching for Oakland Athletics : RHP Todd Van Poppel
Batting: RHB Brian L Hunter 0-0: Called Strike
0-1: Ball
1-1: Ball
2-1: Swinging Strike
2-2: Foul Ball, location: 2F
2-2: Strikes out swinging
Batting: LHB Ryan Klesko 0-0: Ball
1-0: Foul Ball, location: 2F
1-1: Ball
2-1: Ball
3-1: Foul Ball, location: 2F
3-2: Foul Ball, location: 2F
3-2: SINGLE (Groundball, 4MD, EV 103.1 MPH)
Pitching: RHP Jason Bere
Batting: LHB Shawn Green 0-0: Ball
1-0: Called Strike
1-1: Called Strike
1-2: Ball
2-2: Ball
3-2: 2-RUN HOME RUN (Flyball, 9LD, EV 95.0 MPH), Distance : 345 ft
Batting: LHB Rafael Palmeiro 0-0: Ball
1-0: Called Strike
1-1: Foul Ball, location: 2F
1-2: Strikes out swinging
Batting: RHB Torii Hunter 0-0: Called Strike
0-1: Ball
1-1: Ball
2-1: Ball
3-1: Fly out, F9 (Flyball, 9S, EV 93.8 MPH)
Top of the 8th over - 2 runs, 2 hits, 0 errors, 0 left on base; Los Angeles 4 - Oakland 3
BOTTOM OF THE 8TH
Oakland Athletics batting - Pitching for Los Angeles Dodgers : RHP Bartolo Colon
Batting: RHB Benji Gil 0-0: Called Strike
0-1: Ball
1-1: Ball
2-1: Ball
3-1: Swinging Strike
3-2: Foul Ball, location: 2F
3-2: Foul Ball, location: 2F
3-2: Strikes out swinging
Batting: RHB Rickey Henderson 0-0: Ball
1-0: Foul Ball, location: 2F
1-1: Ball
2-1: Called Strike
2-2: SINGLE (Line Drive, 34D, EV 95.0 MPH)
Pitching: LHP Ricardo Rincon
Batting: SHB Chuck Carr 0-0: Ball
1-0: Bunt missed!
1-1: Ball
2-1: Sac Bunt to 15S - play at first, batter OUT! 1-4
Rickey Henderson to second
Batting: LHB John Olerud 0-0: Ball
1-0: Ball
2-0: Called Strike
2-1: DOUBLE (Line Drive, 78D, EV 98.1 MPH)
Rickey Henderson scores
Batting: RHB Herbert Perry 0-0: Foul Ball, location: 2F
0-1: Ball
1-1: Called Strike
1-2: Ball
2-2: Foul Ball, location: 2F
2-2: Strikes out swinging, 2-3 out at first.
Bottom of the 8th over - 1 run, 2 hits, 0 errors, 1 left on base; Los Angeles 4 - Oakland 4
TOP OF THE 9TH
Los Angeles Dodgers batting - Pitching for Oakland Athletics : RHP Jason Bere
Batting: SHB Kevin Stocker 0-0: Called Strike
0-1: Ball
1-1: Foul Ball, location: 2F
1-2: Strikes out swinging
Batting: RHB Joe Randa 0-0: Ball
1-0: Ground out 6-3 (Groundball, 6D, EV 80.0 MPH)
Pinch Hitting: LHB Derrick May 0-0: Ball
1-0: Ball
2-0: Called Strike
2-1: Ball
3-1: Fly out, F8 (Flyball, 8RD, EV 95.0 MPH)
Top of the 9th over - 0 runs, 0 hits, 0 errors, 0 left on base; Los Angeles 4 - Oakland 4
BOTTOM OF THE 9TH
Oakland Athletics batting - Pitching for Los Angeles Dodgers : LHP Ricardo Rincon
Now at 2B: Jerry Browne
Batting: RHB Jay Buhner 0-0: Ball
1-0: Ball
2-0: Called Strike
2-1: Ball
3-1: Base on Balls
Batting: RHB Benito Santiago 0-0: Ball
1-0: Foul Ball, location: 2F
1-1: Ball
2-1: Swinging Strike
2-2: Fielders Choice at 2nd, 1-4 (Groundball, 25, EV 61.3 MPH)
Pitching: LHP Bill Wilkinson
Batting: RHB Greg Vaughn 0-0: Bunted foul
0-1: Ball
1-1: Bunt missed!
1-2: Ball
2-2: Ball
3-2: 2-RUN HOME RUN (Flyball, 7D, EV 99.4 MPH), Distance : 376 ft
Tuesday, February 24th, 2026 - OOTP Baseball 20.8 Build 74